 Dungeon Crawl Stone Soup version 0.31-a0-1074-g0b22e4e0f1 (webtiles) character file.

Game seed: 11579376263412594614

71 LeprechaunX the Changeling (level 4, -2/29 HPs)
             Began as an Octopode Shapeshifter on Dec 1, 2023.
             Slain by a gnoll
             ... wielding a +0 halberd
              (13 damage)
             ... on level 3 of the Dungeon.
             The game lasted 00:01:17 (1614 turns).

LeprechaunX the Changeling (Octopode Shapeshifter)  Turns: 1614, Time: 00:01:18

Health: -2/29      AC:  1    Str: 13    XL:     4   Next: 24%
Magic:  4/4        EV: 10    Int: 12    God:
Gold:   94         SH:  0    Dex: 13    Spells: 3/3 levels left

rFire   . .          .
                       - Unarmed
rCold   . . .        (no shield)
rNeg    . . .        (helmet currently unavailable)
rPois   .            i - amulet of the acrobat
rElec   .            d - ring of see invisible
rCorr   .            (no ring)
SInv    +            (no ring)
Will    .....        (no ring)
Stlth   ++           (no ring)
HPRegen 0.24/turn    (no ring)
MPRegen 0.09/turn    (no ring)
                     (no ring)

%: acrobat
@: beast-form, acrobatic, constricted
A: beast (slay +2), almost no armour, amphibious, 8 rings, camouflage 1,
gelatinous body 1, (nimble swimmer 1), tentacles
a: Begin Untransformation


You were on level 3 of the Dungeon.
You were a hulking beast.
You visited 1 branch of the dungeon, and saw 3 of its levels.

You collected 94 gold pieces.

Inventory:

Jewellery
 d - a ring of see invisible (left tentacle)
 i - an amulet of the acrobat (around mantle)
 p - an amulet of regeneration
Talismans
 b - a beast talisman
 c - a flux talisman
Scrolls
 e - 4 scrolls of identify {unknown}
 h - a scroll of amnesia {unknown}
 k - 2 scrolls of teleportation {unknown}
 m - a scroll of brand weapon {unknown}
 n - 4 scrolls of noise {unknown}
 o - a scroll of fog {unknown}
 r - a scroll of blinking {unknown}
Potions
 a - a potion of lignification
 f - a potion of attraction {unknown}
 g - a potion of cancellation {unknown}
 j - a potion of mutation {unknown}
 l - 2 potions of invisibility {unknown}
 q - a potion of berserk rage {unknown}
 s - a potion of brilliance {unknown}
 t - a potion of curing {unknown}


   Skills:
 + Level 2.0 Fighting
 - Level 2.0 Dodging
 + Level 3.6 Unarmed Combat
 * Level 3.9 Shapeshifting


You had 3 spell levels left.
You didn't know any spells.
Your spell library was empty.

Dungeon Overview and Level Annotations

Branches:
Dungeon (3/15)

Altars:


Innate Abilities, Weirdness & Mutations

You are a hulking beast.
Your limbs bulge with bestial killing power. (Slay +2)
You cannot wear most types of armour.
You are amphibious.
You can wear up to eight rings at the same time.
Your skin changes colour to match your surroundings (Stealth+).
Your rubbery body absorbs attacks. (AC +1, EV +1)
((You are camouflaged when in or above water. (Stealth+)))
You have tentacles for arms and can constrict up to eight enemies at once.


Message History

You open the door.
There is an open door here.
Found a scale mail.
t - a yellow potion
Found a stone staircase leading down.
There is a stone staircase leading down here.
You now have 94 gold pieces (gained 10).
Found a scale mail.
A ball python comes into view.
A ball python is nearby!
A gnoll comes into view. It is wielding a +0 halberd.
Found 3 gold pieces.
A gnoll comes into view.
It is wielding a +0 halberd. 2 gnolls come into view.
The gnoll shouts! x3
The ball python barely misses you. The ball python misses you.
The gnoll closely misses you. The ball python barely misses you.
The ball python misses you.
You see here a +0 scale mail.
You closely miss the gnoll. You grab the gnoll. You constrict the gnoll.
The gnoll misses you. The gnoll closely misses you.
The ball python completely misses you. The ball python barely misses you.
You tentacle-slap the gnoll but do no damage.
You squeeze the gnoll!
The gnoll is severely wounded.
You constrict the gnoll.
A jackal comes into view.
The gnoll closely misses you. The gnoll misses you.
A rat comes into view.
The gnoll hits you from afar with a +0 halberd!
The ball python barely misses you. The ball python closely misses you.
The jackal moves out of view.
You release your grip on the gnoll.
The gnoll completely misses you. The gnoll misses you.
The ball python attacks as it pursues you!
The ball python closely misses you. The ball python grabs you.
The ball python constricts you. The gnoll attacks as it pursues you!
The gnoll hits you from afar with a +0 spear.
The gnoll hits you from afar with a +0 halberd!
You die...

#...###.#.##.......
#...# #....########
#...# ###..# #
#...# #...# # #...#
#.#.# #
##...#####.#... #
#.............[. .
#....#####+####..
.. #######gSh.# ##
#......[.###
#....g.g.#
#.....g..#
#....$...#
####...r## #.....
#...## #...


You could see 4 gnolls, a ball python and a rat (wandering).

Vanquished Creatures
  2 adders (D:2)
  A white imp (D:3)
  A worm (D:3)
  A dart slug (D:1)
  4 bats
  2 endoplasms (D:1)
  6 giant cockroaches
  4 hobgoblins
  3 quokkas (D:1)
  3 ball pythons
  4 frilled lizards (D:2)
  2 goblins (D:1)
  6 kobolds
  2 rats (D:1)
41 creatures vanquished.

Notes
Turn   | Place    | Note
-------+----------+-------------------------------------------
     0 | D:1      | LeprechaunX the Octopode Shapeshifter began the quest for
                  | the Orb.
     0 | D:1      | Reached XP level 1. HP: 13/13 MP: 1/1
   127 | D:1      | Reached XP level 2. HP: 14/18 MP: 2/2
   377 | D:1      | Reached XP level 3. HP: 23/23 MP: 3/3
  1049 | D:2      | Reached XP level 4. HP: 29/29 MP: 4/4
  1614 | D:3      | Slain by a gnoll

Illustrated notes

Levels and vault maps discovered:
D:1:      dpeg_arrival_simpleton_a, layout_loops_ring, minmay_tromino_mix6
D:2:      layout_loops_ring, serial_glass, glass_columns_b, glass_columns_c,
          minmay_misc_feat_columns
D:3:      layout_basic

Skill      XL: |  1  2  3  4 |
---------------+-------------+-----
Fighting       | 2 |  2.0
Dodging        | |  2.0
Unarmed Combat | |  3.6
Shapeshifting  | |  3.9

Action                     |  1- 3 |  4- 6 || total
---------------------------+-------+-------++-------
  Melee: Unarmed           |    53 |    17 ||    70
         Constrict         |    17 |     5 ||    22
         Tentacles         |    10 |     2 ||    12
         Punch             |     2 |       ||     2
   Stab: Sleeping          |    13 |     1 ||    14
 Armour: Skin              |    14 |    10 ||    24
  Dodge: Dodged            |    17 |    25 ||    42

Table legend: (Time is in decaauts)
 A = Elapsed time spent in this place.
 B = Non-inter-level travel time spent in this place.
 C = Inter-level travel time spent in this place.
 D = Time resting spent in this place.
 E = Time spent auto-exploring this place.
 F = Levels seen in this place.
 G = Mean time per level.
                   A        B        C        D        E       F      G
               +--------+--------+--------+--------+--------+-----+--------+
         Total |   1609 |   1565 |     44 |      0 |   1321 |   3 |  536.3 |
       Dungeon |   1609 |   1565 |     44 |      0 |   1321 |   3 |  536.3 |
               +--------+--------+--------+--------+--------+-----+--------+

Top non-repeatable levels by time:
     D:1: 718 daAuts
     D:2: 697 daAuts
     D:3: 193 daAuts
